 Dungeon Crawl Stone Soup version 0.26.1-2-gb8aa6d0cf2 (webtiles) character file.

Game seed: 10404748425668194210

84 skwiii the Gusty (level 4, -1/24 HPs)
             Began as a Tengu Air Elementalist on Feb 17, 2021.
             Slain by an adder (2 damage)
             ... on level 2 of the Dungeon.
             The game lasted 00:08:55 (3621 turns).

skwiii the Gusty (Tengu Air Elementalist)           Turns: 3621, Time: 00:08:56

Health: -1/24      AC:  2    Str:  8    XL:     4   Next: 46%
Magic:  4/9        EV: 13    Int: 16    God:
Gold:   157        SH:  0    Dex: 15    Spells: 3/9 levels left

rFire    . . .     SeeInvis .   (no weapon)
rCold    . . .     Faith    .   (no shield)
rNeg     . . .     Spirit   .   a - +0 robe
rPois    .         Reflect  .   (helmet restricted)
rElec    .         Harm     .   (no cloak)
rCorr    .         Rampage  .   (no gloves)
Will     .....                  (boots unavailable)
Stlth    ++........             (no amulet)
HPRegen  0.08/turn              (no ring)
MPRegen  0.11/turn              (no ring)

@: no status effects
A: beak, talons 3
a: no special abilities


You were on level 2 of the Dungeon.
You visited 1 branch of the dungeon, and saw 3 of its levels.

You collected 157 gold pieces.

Inventory:

Armour
 a - a +0 robe (worn)
 j - a +2 pair of boots
Scrolls
 c - a scroll of identify
 e - a scroll of fear
 h - a scroll of teleportation {unknown}
 i - a scroll of noise {unknown}
Potions
 b - a potion of resistance {unknown}
 d - a potion of curing {unknown}
 f - a potion of brilliance
 g - a potion of might {unknown}
 k - a potion of degeneration {unknown}


   Skills:
 + Level 2.9 Dodging
 - Level 2.0 Stealth
 * Level 3.0 Spellcasting
 + Level 2.6 Conjurations
 + Level 4.8 Air Magic


You had 3 spell levels left.
You knew the following spells:

 Your Spells              Type           Power        Failure   Level
a - Shock                 Conj/Air       56%          4%          1
b - Swiftness             Air            17%          4%          2
c - Static Discharge      Conj/Air       14%          12%         3

Your spell library contained the following spells:

 Spells                   Type           Power        Failure   Level
 Airstrike                Air            8%           26%         4
 Lightning Bolt           Conj/Air       7%           73%         5


Dungeon Overview and Level Annotations

Branches:
Dungeon (3/15)

Altars:
Xom
The Shining One


Innate Abilities, Weirdness & Mutations

You have a beak for a mouth.
You have claws for feet.


Message History

* * * LOW HITPOINT WARNING * * *
You feel sick. The adder misses you. The adder bites you but does no damage.
* * * LOW HITPOINT WARNING * * *
You feel sick. The adder barely misses you.
You no longer feel sluggish.
The adder bites you but does no damage.
* * * LOW HITPOINT WARNING * * *
You feel sick. The adder bites you but does no damage.
A giant cockroach comes into view.
The giant cockroach moves out of view.
The adder closely misses you.
* * * LOW HITPOINT WARNING * * *
You feel sick. The adder barely misses you.
* * * LOW HITPOINT WARNING * * *
You feel sick.
You are no longer poisoned.
The adder bites you.
You die...

......# #..#..........#.###.....
......# #..#..........#.# #.....
....######..#...B......#.# #.....
..........)............#.###.....
....######..#.............##.....
.........#..#....[........##.....
....####.#..#).....)......##.....
.....÷)..........S........'......
........<#..#.##@######...#......
#'######.#..#.##.######...#.#####
#..).....#..#.#..........##.#
##########..#.#...#########.#
............#.#.#.##.######.#####
............#.#..................
#############.####.########.#####
....†............................
#############.#####.#######.#####


You could see an adder and a giant cockroach.

Vanquished Creatures
  Robin (D:2)
  An adder (D:2)
  2 dart slugs (D:1)
  3 leopard geckos
  A giant cockroach (D:1)
  16 goblins
  9 hobgoblins
  2 bats
  7 frilled lizards
  9 kobolds
  4 rats
55 creatures vanquished.

Notes
Turn   | Place    | Note
-------+----------+-------------------------------------------
     0 | D:1      | skwiii the Tengu Air Elementalist began the quest for the
                  | Orb.
     0 | D:1      | Reached XP level 1. HP: 10/10 MP: 4/4
   296 | D:1      | Reached XP level 2. HP: 15/15 MP: 0/6
   454 | D:1      | Learned a level 2 spell: Swiftness
  1050 | D:1      | Found a glowing golden altar of the Shining One.
  1408 | D:1      | Reached XP level 3. HP: 19/19 MP: 1/7
  2278 | D:2      | Found a shimmering altar of Xom.
  2398 | D:2      | Reached XP level 4. HP: 22/24 MP: 1/9
  2406 | D:2      | Noticed Robin
  2447 | D:2      | Killed Robin
  2717 | D:2      | Learned a level 3 spell: Static Discharge
  3616 | D:2      | HP: 1/24 [poisoned by an adder]
  3621 | D:2      | Slain by an adder

Illustrated notes

Levels and vault maps discovered:
D:1:      ebering_trefoil_twist, layout_loops_ring, tso_metal_star
D:2:      layout_basic, kennysheep_flooded_box, uniq_robin
D:3:      layout_loops_cross, nicolae_overflow_crystal_walls,
          lightli_corner_chamber

Skill      XL: |  1  2  3  4 |
---------------+-------------+-----
Conjurations   | 2 |  2.6
Spellcasting   | 3 |  3.0
Dodging        | |  2.9
Stealth        | |  2.0
Air Magic      | |  4.8

Action                   |  1- 3 |  4- 6 || total
-------------------------+-------+-------++-------
 Cast: Shock             |    80 |    34 ||   114
       Swiftness         |       |     2 ||     2
  Use: Potion            |     1 |       ||     1
       Scroll            |       |     1 ||     1
Armor: Robe              |     4 |     5 ||     9
Dodge: Dodged            |    13 |    15 ||    28
